 Dungeon Crawl Stone Soup version 0.32-a0-163-g159c032296 (webtiles) character file.

Game seed: 10352165429239274169

84 Asceticacid the Shield-Bearer (level 4, 0/41 HPs)
             Began as a Gnoll Fighter on Feb 11, 2024.
             Slain by a gnoll
             ... wielding a +0 battleaxe
             ... led by a gnoll bouda
              (3 damage)
             ... on level 2 of the Dungeon.
             The game lasted 00:01:51 (1150 turns).

Asceticacid the Shield-Bearer (Gnoll Fighter)       Turns: 1150, Time: 00:01:51

Health: 0/41       AC:  7    Str: 16      XL:     4   Next: 45%
Magic:  5/5        EV:  9    Int:  7      God:
Gold:   98         SH:  5    Dex: 12 (13) Spells: 5/5 levels left

rFire   . . .        a - +1 war axe
rCold   . . .        c - +0 buckler
rNeg    . . .        b - +0 scale mail
rPois   .            (no helmet)
rElec   .            (no cloak)
rCorr   .            (no gloves)
SInv    .            (no boots)
Will    .....        q - amulet of magic regeneration Stlth
                     (no ring)
HPRegen 0.26/turn    (no ring)
MPRegen 0.49/turn

%: no passive effects
@: no status effects
A: fangs 1, strong nose, distributed training, deterioration 1
a: no special abilities


You were on level 2 of the Dungeon.
You visited 1 branch of the dungeon, and saw 2 of its levels.

You collected 98 gold pieces.

Inventory:

Hand Weapons
 a - a +1 war axe (weapon)
Armour
 b - a +0 scale mail (worn)
 c - a +0 buckler (worn)
Jewellery
 q - an amulet of magic regeneration (around neck)
Scrolls
 e - a scroll of blinking
 g - 3 scrolls of torment
 o - a scroll of enchant armour {unknown}
 p - a scroll of poison {unknown}
Potions
 d - a potion of might
 f - 3 potions of curing
 l - a potion of heal wounds {unknown}
 n - a potion of berserk rage {unknown}


   Skills:
 + Level 6.6 Fighting
 + Level 1.2 Short Blades
 + Level 1.2 Long Blades
 + Level 4.6 Axes
 + Level 1.2 Maces & Flails
 + Level 1.2 Polearms
 + Level 1.2 Staves
 + Level 1.2 Ranged Weapons
 + Level 1.2 Throwing
 + Level 6.6 Armour
 + Level 1.2 Dodging
 + Level 1.2 Stealth
 + Level 6.6 Shields
 + Level 1.2 Unarmed Combat
 + Level 1.2 Spellcasting
 + Level 1.0 Conjurations
 + Level 1.0 Hexes
 + Level 1.0 Summonings
 + Level 1.0 Necromancy
 + Level 1.0 Translocations
 + Level 1.0 Fire Magic
 + Level 1.0 Ice Magic
 + Level 1.0 Air Magic
 + Level 1.0 Earth Magic
 + Level 1.0 Alchemy
 + Level 1.3 Invocations
 + Level 1.2 Evocations
 + Level 1.1 Shapeshifting


You had 5 spell levels left.
You didn't know any spells.
Your spell library was empty.

Dungeon Overview and Level Annotations

Branches:
Dungeon (2/15)

Altars:


Innate Abilities, Weirdness & Mutations

You have very sharp teeth.
Your uncanny sense of smell can sniff out nearby items.
Your experience applies equally to all skills.
Your body sometimes deteriorates upon taking damage.


Message History

Your Fire Magic skill increases to level 1!
Your Ice Magic skill increases to level 1!
Your Air Magic skill increases to level 1!
Your Earth Magic skill increases to level 1!
Your Alchemy skill increases to level 1!
The gnoll hits you from afar with a +0 halberd.
You block the gnoll's attack.
The gnoll hits you from afar with a +4 spear!
The gnoll hits you but does no damage.
The gnoll bouda attacks as it pursues you!
The gnoll bouda hits you but does no damage.
The gnoll attacks as it pursues you! You block the gnoll's attack.
The gnoll hits you with a +0 battleaxe.
Things that are here:
a +0 whip; a frilled lizard corpse; a gnoll corpse The gnoll hits you from afar with a +4 spear.
The gnoll attacks as it pursues you! The gnoll barely misses you.
There is an open door here.
The gnoll is no longer moving quickly.
The gnoll attacks as it pursues you! The gnoll hits you but does no damage.
The gnoll attacks as it pursues you! You block the gnoll's attack. x2
The gnoll attacks as it pursues you! The gnoll closely misses you.
The gnoll attacks as it pursues you! The gnoll closely misses you.
There is an open door here.
You aren't carrying any items that you can evoke.
As you read the scroll labelled JUKUM CYNONN, it crumbles to dust.
It is a scroll of enchant weapon.
Your +0 war axe glows red for a moment.
The gnoll is no longer moving quickly.
You block the gnoll's attack. x2
The gnoll bouda barks out a call to the hunt!
The gnolls pick up the pace!
You barely miss the gnoll.
The gnoll is no longer moving quickly.
The gnoll hits you with a +0 battleaxe!
* * * LOW HITPOINT WARNING * * *
The gnoll hits you from afar with a +4 spear.
* * * LOW HITPOINT WARNING * * *
The gnoll bouda barks out a call to the hunt!
The gnoll picks up the pace!
The gnoll hits you with a +0 battleaxe.
You die...

#.#..).......,,,,,,,
#.#.########..###***
#.#.# #######...##
#####.#)###..........#
#.........#..........##
#.........#...........#
#.........#...........#
#.........#...........#
#####.#@###.....(.....#
#####.#g###...........##
#####.#g###.........)...
#####+#g###...w.........
##......g).g...##.......
##.............##.......
##.............##.......
##..........#####.......
####..........###
########


You could see a gnoll bouda and 3 gnolls.

Vanquished Creatures
  5 gnolls (D:2)
  A ribbon worm (D:2)
  An orc (D:2)
  5 ball pythons
  5 endoplasms
  A goblin (D:1)
  2 hobgoblins (D:2)
  2 quokkas
  5 bats
  3 frilled lizards
  A rat (D:1)
31 creatures vanquished.

Notes
Turn   | Place    | Note
-------+----------+-------------------------------------------
     0 | D:1      | Asceticacid the Gnoll Fighter began the quest for the Orb.
     0 | D:1      | Reached XP level 1. HP: 23/23 MP: 1/1
   181 | D:1      | Reached XP level 2. HP: 29/29 MP: 2/2
   718 | D:2      | Reached XP level 3. HP: 35/35 MP: 3/3
   760 | D:2      | Reached skill level 1 in Invocations
   767 | D:2      | Reached skill level 1 in Short Blades
   767 | D:2      | Reached skill level 1 in Long Blades
   767 | D:2      | Reached skill level 1 in Maces & Flails
   767 | D:2      | Reached skill level 1 in Polearms
   767 | D:2      | Reached skill level 1 in Staves
   767 | D:2      | Reached skill level 1 in Ranged Weapons
   767 | D:2      | Reached skill level 1 in Throwing
   767 | D:2      | Reached skill level 1 in Dodging
   767 | D:2      | Reached skill level 1 in Stealth
   767 | D:2      | Reached skill level 1 in Unarmed Combat
   767 | D:2      | Reached skill level 1 in Spellcasting
   767 | D:2      | Reached skill level 1 in Evocations
   775 | D:2      | Reached skill level 1 in Shapeshifting
   775 | D:2      | Reached XP level 4. HP: 6/41 MP: 5/5
  1085 | D:2      | Gained mutation: Your body sometimes deteriorates upon
                  | taking damage. [potion of mutation]
  1133 | D:2      | Reached skill level 1 in Conjurations
  1133 | D:2      | Reached skill level 1 in Hexes
  1133 | D:2      | Reached skill level 1 in Summonings
  1133 | D:2      | Reached skill level 1 in Necromancy
  1133 | D:2      | Reached skill level 1 in Translocations
  1133 | D:2      | Reached skill level 1 in Fire Magic
  1133 | D:2      | Reached skill level 1 in Ice Magic
  1133 | D:2      | Reached skill level 1 in Air Magic
  1133 | D:2      | Reached skill level 1 in Earth Magic
  1133 | D:2      | Reached skill level 1 in Alchemy
  1150 | D:2      | Slain by a gnoll

Illustrated notes

Levels and vault maps discovered:
D:1:      minmay_arrival_five_plusses, layout_basic, minmay_misc_feat_roman
D:2:      layout_basic

Skill      XL: |  1  2  3  4 |
---------------+-------------+-----
Invocations    | 1 |  1.3
Short Blades   | 1 |  1.2
Long Blades    | 1 |  1.2
Maces & Flails | 1 |  1.2
Polearms       | 1 |  1.2
Staves         | 1 |  1.2
Ranged Weapons | 1 |  1.2
Throwing       | 1 |  1.2
Dodging        | 1 |  1.2
Stealth        | 1 |  1.2
Unarmed Combat | 1 |  1.2
Spellcasting   | 1 |  1.2
Evocations     | 1 |  1.2
Shapeshifting  | 1 |  1.1
Conjurations   | 1 |  1.0
Hexes          | 1 |  1.0
Summonings     | 1 |  1.0
Necromancy     | 1 |  1.0
Translocations | 1 |  1.0
Fire Magic     | 1 |  1.0
Ice Magic      | 1 |  1.0
Air Magic      | 1 |  1.0
Earth Magic    | 1 |  1.0
Alchemy        | 1 |  1.0
Fighting       | |  6.6
Axes           | |  4.6
Armour         | |  6.6
Shields        | |  6.6

Action                     |  1- 3 |  4- 6 || total
---------------------------+-------+-------++-------
  Melee: War axe           |    64 |    16 ||    80
         Bite              |     4 |     1 ||     5
    Use: Potion            |     1 |     1 ||     2
         Scroll            |       |     6 ||     6
 Armour: Scale mail        |    41 |    19 ||    60
  Dodge: Dodged            |    29 |    12 ||    41
  Block: Buckler           |    21 |    11 ||    32

Table legend: (Time is in decaauts)
 A = Elapsed time spent in this place.
 B = Non-inter-level travel time spent in this place.
 C = Inter-level travel time spent in this place.
 D = Time resting spent in this place.
 E = Time spent auto-exploring this place.
 F = Levels seen in this place.
 G = Mean time per level.
                   A        B        C        D        E       F      G
               +--------+--------+--------+--------+--------+-----+--------+
         Total |   1173 |   1156 |     17 |    164 |    718 |   2 |  586.5 |
       Dungeon |   1173 |   1156 |     17 |    164 |    718 |   2 |  586.5 |
               +--------+--------+--------+--------+--------+-----+--------+

Top non-repeatable levels by time:
     D:1: 634 daAuts
     D:2: 539 daAuts
